 Dungeon Crawl Stone Soup version 0.31-a0-202-g547052bce9 (webtiles) character file.

Game seed: 15159536026349260532

92 qw the Shooter (level 4, 0/25 HPs)
             Began as a Deep Elf Hunter on June 26, 2023.
             Succumbed to their own poison gas
             ... on level 2 of the Dungeon.
             The game lasted 00:00:35 (1100 turns).

qw the Shooter (Deep Elf Hunter)                    Turns: 1100, Time: 00:00:36

Health: 0/25       AC:  6    Str: 10    XL:     4   Next: 35%
Magic:  6/6        EV: 11    Int: 14    God:
Gold:   90         SH:  0    Dex: 18    Spells: 3/3 levels left

rFire   + . .        j - +0 shortbow (heavy)
rCold   . . .        (shield currently unavailable)
rNeg    . . .        i - +0 ring mail
rPois   .            (no helmet)
rElec   .            (no cloak)
rCorr   .            (no gloves)
SInv    .            h - +0 pair of boots
Will    .....        (no amulet)
Stlth   +            f - ring of protection from fire
HPRegen 0.24/turn    (no ring)
MPRegen 0.10/turn

%: no passive effects
@: lethally poisoned (0 -> -2)
A: no striking features
a: no special abilities


You were on level 2 of the Dungeon.
You visited 1 branch of the dungeon, and saw 2 of its levels.

You collected 90 gold pieces.


   Skills:
 - Level 1.5 Fighting
 + Level 7.8 Ranged Weapons
 - Level 2.4 Dodging
 - Level 1.2 Stealth


You had 3 spell levels left.
You didn't know any spells.
Your spell library was empty.

Inventory:

Hand Weapons
 j - a +0 heavy shortbow (weapon)
Armour
 h - a +0 pair of boots (worn)
 i - a +0 ring mail (worn)
Jewellery
 f - a ring of protection from fire (left hand)
Wands
 a - a wand of digging (2)
Scrolls
 c - a scroll of identify
Potions
 b - a potion of heal wounds
 d - a potion of attraction {unknown}
 g - a potion of curing {unknown}

Dungeon Overview and Level Annotations

Branches:
Dungeon (2/15)

Altars:
Elyvilon


Message History

As you read the scroll labelled GOINGI XOZUTA, it crumbles to dust.
It was a scroll of poison.
Done exploring.
1091 ||| READING 2 scrolls of identify.
As you read the scroll of identify, it crumbles to dust.
b - a potion of heal wounds
1091 ||| IDENTIFYING bubbling puce potion Done exploring.
(D) Dungeon
Where to? (* - list waypoints, Enter - D:2, ? - help)
What level of the Dungeon? (default 1, ? - help) Sorry, I don't know how to get there.
Enter note:
Enter note:
Enter note:
Enter note:
Enter note:
Enter note:
Enter note:
Enter note:
Enter note: Really walk into that cloud of poison gas?
You are engulfed in poison gas.
You are poisoned.
You feel very sick.
1093 ||| Stepping ~*~*~tactically~*~*~ (cloud).
You feel very sick.
There is a lethal amount of poison in your body!
You feel sick.
There is a lethal amount of poison in your body!
You feel sick.
There is a lethal amount of poison in your body!
You feel sick.
There is a lethal amount of poison in your body!
You feel sick.
There is a lethal amount of poison in your body!
You feel sick.
There is a lethal amount of poison in your body!
You feel sick.
There is a lethal amount of poison in your body!
You die...

.......).....##..#.##
...............[...#
#.##..#.......#....##
......#...#.#...##..# ###########
#.###.#...#...#.0##.###..........
#.# #.#.#....###0##...#%.........
#.# #......#####¤####............
#.# #.....#####¤0¤# ###..........
..# #....¤¤¤0000@0# #..........
### #....######¤0¤# ###########
#....# #0¤¤# #....# ##### #....#
######


There were no monsters in sight!

Vanquished Creatures
  Terence (D:2)
  2 adders
  A dart slug (D:2)
  5 bats
  3 endoplasms
  3 giant cockroaches
  2 hobgoblins (D:1)
  12 ball pythons
  5 frilled lizards (D:2)
  6 goblins
  5 kobolds
  4 rats
49 creatures vanquished.

Notes
Turn   | Place    | Note
-------+----------+-------------------------------------------
     0 | D:1      | qw the Deep Elf Hunter began the quest for the Orb.
     0 | D:1      | Reached XP level 1. HP: 12/12 MP: 3/3
     0 | D:1      | 0 ||| qw: Version: 0.3-a-22-g0ed2b0b
     0 | D:1      | 0 ||| qw: Game counter: 6290
     0 | D:1      | 0 ||| qw: Melee chars always use a shield: true
     0 | D:1      | 0 ||| qw: God list: Okawaru
     0 | D:1      | 0 ||| qw: Allow faded altars: false
     0 | D:1      | 0 ||| qw: Do Orc after clearing Dungeon:15 true
     0 | D:1      | 0 ||| qw: Do second Lair branch before Depths: true
     0 | D:1      | 0 ||| qw: Lair rune preference: random
     0 | D:1      | 0 ||| qw: Goals: Normal
     0 | D:1      | 0 ||| PLANNING D:1-11
   106 | D:1      | Reached skill level 6 in Ranged Weapons
   106 | D:1      | Reached XP level 2. HP: 16/16 MP: 4/4
   117 | D:1      | Found a faded altar of an unknown god.
   535 | D:1      | 535 ||| UPGRADING to +0 pair of boots.
   540 | D:1      | 540 ||| UPGRADING to +0 ring mail.
   550 | D:1      | 550 ||| DROPPING +0 leather armour.
   551 | D:1      | 551 ||| UPGRADING to ring of protection from fire.
   552 | D:1      | 552 ||| READING scroll labelled ZUEDYIGARO.
   556 | D:1      | 556 ||| READING scroll labelled QOSO BUYQUPNO.
   557 | D:1      | 557 ||| DROPPING scroll of butterflies.
   591 | D:2      | 591 ||| STAIRDANCE
   594 | D:1      | Reached XP level 3. HP: 13/20 MP: 5/5
   625 | D:1      | 625 ||| FLEEEEING.
   648 | D:2      | Reached skill level 7 in Ranged Weapons
   710 | D:2      | Found a white marble altar of Elyvilon.
   780 | D:2      | Noticed Terence
   790 | D:2      | Killed Terence
   791 | D:2      | Reached XP level 4. HP: 17/25 MP: 6/6
   804 | D:2      | 804 ||| FLEEEEING.
   805 | D:2      | 805 ||| FLEEEEING.
   814 | D:2      | 814 ||| STAIRDANCE
  1089 | D:2      | 1089 ||| READING scroll labelled ACIUZX NOROGH.
  1090 | D:2      | 1090 ||| READING scroll labelled GOINGI XOZUTA.
  1091 | D:2      | 1091 ||| READING 2 scrolls of identify.
  1091 | D:2      | 1091 ||| IDENTIFYING bubbling puce potion
  1093 | D:2      | 1093 ||| Stepping ~*~*~tactically~*~*~ (cloud).
  1095 | D:2      | HP: 5/25 [poisoned by you (poison gas)]
  1097 | D:2      | HP: 2/25 [poisoned by you (poison gas)]
  1100 | D:2      | Succumbed to their own poison gas

Levels and vault maps discovered:
D:1:      lightli_iron_boxes, layout_basic, ebering_ecumenical_altar_rust
D:2:      layout_rooms, basic_altar, uniq_terence

Skill      XL: |  1  2  3 |
---------------+----------+-----
Ranged Weapons | 6 7 |  7.8
Fighting       | |  1.5
Dodging        | |  2.4
Stealth        | |  1.2

Action                     |  1- 3 |  4- 6 || total
---------------------------+-------+-------++-------
   Fire: Shortbow          |   106 |    13 ||   119
    Use: Scroll            |     2 |     3 ||     5
 Armour: Ring mail         |    11 |       ||    11
         Leather armour    |     4 |       ||     4
  Dodge: Dodged            |    29 |     4 ||    33

Table legend:
 A = Non-vault XP
 B = Vault XP
 C = Vault XP percentage of total XP
 D = Non-vault monster count
 E = Vault monster count
 F = Vault count percentage of total count
                 A         B        C        D         E       F
            +---------+---------+-------+---------+---------+-------
      Total |      96 |      36 |  27.3 |      48 |       1 |   2.0
            +---------+---------+-------+---------+---------+-------
        D:1 |      52 |       0 |   0.0 |      27 |       0 |   0.0
        D:2 |      44 |      36 |  45.0 |      21 |       1 |   4.5
            +---------+---------+-------+---------+---------+-------
